 Dungeon Crawl Stone Soup version 0.26.1-2-gb8aa6d0cf2 (webtiles) character file.

Game seed: 11880624016147447609

230 Gadfly the Ruffian (level 6, -2/52 HPs)
             Began as a Ghoul Monk on Feb 22, 2021.
             Slain by a sky beast (4 damage)
             ... on level 4 of the Dungeon.
             The game lasted 00:09:29 (3185 turns).

Gadfly the Ruffian (Ghoul Monk)                     Turns: 3185, Time: 00:09:30

Health: -2/52      AC:  4    Str: 17    XL:     6   Next: 3%
Magic:  0/5        EV: 13    Int:  5    God:
Gold:   118        SH:  0    Dex: 11    Spells: 5/5 levels left

rFire    . . .     SeeInvis .     - Unarmed
rCold    + . .     Faith    .   (no shield)
rNeg     + + +     Spirit   +   c - +1 leather armour
rPois    ∞         Reflect  .   (no helmet)
rElec    .         Harm     .   (no cloak)
rCorr    .         Rampage  .   (no gloves)
Will     .....                  (no boots)
Stlth    ++........             j - amulet of guardian spirit
HPRegen  0.00/turn              (no ring)
MPRegen  0.09/turn              (no ring)

@: no status effects
A: claws 1, cold resistance 1, negative energy resistance 3, inhibited
regeneration, torment resistance, unbreathing
a: no special abilities


You were on level 4 of the Dungeon.
You visited 1 branch of the dungeon, and saw 4 of its levels.

You collected 118 gold pieces.

Inventory:

Armour
 c - a +1 leather armour (worn)
Jewellery
 f - an uncursed amulet of the acrobat
 j - an amulet of guardian spirit (around neck)
Wands
 a - a wand of paralysis (9) (quivered)
Scrolls
 d - a scroll of fog
 g - a scroll of magic mapping
 i - a scroll of remove curse
Potions
 b - a potion of haste
 e - 2 potions of might
 h - a potion of resistance
 k - a potion of heal wounds


   Skills:
 + Level 4.0 Fighting
 * Level 1.6 Armour
 * Level 3.7 Dodging
 - Level 2.1 Stealth
 * Level 4.5 Unarmed Combat
 * Level 2.2 Evocations


You had 5 spell levels left.
You didn't know any spells.
Your spell library was empty.

Dungeon Overview and Level Annotations

Branches:
Dungeon (4/15)
 Temple: D:4-7

Altars:
Cheibriados
Nemelex Xobeh
Uskayaw
The Shining One


Innate Abilities, Weirdness & Mutations

You thrive by killing the living.
You are immune to poison.
You have sharp fingernails.
Your flesh is cold resistant. (rC+)
You are immune to negative energy. (rN+++)
You do not regenerate when monsters are visible.
You are immune to unholy pain and torment.
You can survive without breathing.


Message History

The sky beast is lightly wounded.
The sky beast hits you.
* * * LOW HITPOINT WARNING * * *
The sky beast shocks you.
* * * LOW HITPOINT WARNING * * *
You claw the sky beast!
The sky beast is heavily wounded.
The sky beast closely misses you.
You claw the sky beast!
The sky beast is almost dead.
The sky beast barely misses you.
You barely miss the sky beast. Your claw misses the sky beast.
The sky beast is almost dead.
The sky beast misses you.
You miss the sky beast.
The sky beast is almost dead.
The sky beast flickers out of sight!
Deactivating autopickup; reactivate with Ctrl-A.
Something hits you.
You die...

#.....#.#.#
#.....#.#.#
#.....#.#.#
#.....#.#.#
#..<#.#.#.#
#.......#.#
+.......#.#
#...#...#.#
#.......#@#
#._...#.#{#
#.....#...#
####......#
......#...#
#######..>#
.....#'#######
#!...........#
#............#


There were no monsters in sight!

Vanquished Creatures
  An ogre (D:4)
  2 adders
  4 gnolls
  An ooze (D:3)
  A worm (D:3)
  3 leopard geckos
  3 orcs (D:4)
  6 giant cockroaches
  8 goblins
  9 hobgoblins
  3 jackals (D:3)
  3 quokkas
  A ball python (D:2)
  8 bats
  2 frilled lizards (D:1)
  7 kobolds
  9 rats
71 creatures vanquished.

Notes
Turn   | Place    | Note
-------+----------+-------------------------------------------
     0 | D:1      | Gadfly the Ghoul Monk began the quest for the Orb.
     0 | D:1      | Reached XP level 1. HP: 19/19 MP: 0/0
    52 | D:1      | Reached XP level 2. HP: 26/26 MP: 1/1
   172 | D:1      | Reached skill level 1 in Evocations
   398 | D:1      | Reached XP level 3. HP: 28/31 MP: 2/2
  1228 | D:1      | Reached XP level 4. HP: 27/38 MP: 3/3
  1615 | D:2      | Found a faded altar of an unknown god.
  1827 | D:2      | Found a snail-covered altar of Cheibriados.
  1950 | D:2      | Reached skill level 1 in Armour
  2150 | D:2      | Found a sparkling altar of Nemelex Xobeh.
  2151 | D:2      | Found a hide-covered altar of Uskayaw.
  2261 | D:3      | Reached XP level 5. HP: 39/46 MP: 4/4
  3149 | D:4      | Found a glowing golden altar of the Shining One.
  3160 | D:4      | Noticed an ogre
  3160 | D:4      | Noticed a sky beast
  3180 | D:4      | Killed an ogre
  3181 | D:4      | Reached XP level 6. HP: 10/52 MP: 1/5
  3181 | D:4      | HP: 2/52 [sky beast (6)]
  3185 | D:4      | Slain by a sky beast

Illustrated notes

Levels and vault maps discovered:
D:1:      amcnicky_arrival_feature_with_door, layout_rooms
D:2:      kennysheep_six_static_rooms, layout_rooms, cheibriados_altar_1,
          gammafunk_temple_overflow_pools, chequers_ecumenical_altar_simple
D:3:      layout_rooms, grunt_ministairs_11, kennysheep_nondescript
D:4:      layout_basic, overflow_temple_1_default, minmay_temple_entry_mist

Skill      XL: |  1  2  3  4  5 |
---------------+----------------+-----
Dodging        | 3 |  3.7
Evocations     | 1 2 |  2.2
Unarmed Combat | 4 |  4.5
Armour         | 1 |  1.6
Fighting       | 4 |  4.0
Stealth        | |  2.1

Action                   |  1- 3 |  4- 6 || total
-------------------------+-------+-------++-------
Melee: Unarmed           |    97 |   157 ||   254
       Punch             |     2 |       ||     2
  Use: Scroll            |     3 |    11 ||    14
       Potion            |       |     1 ||     1
 Stab: Sleeping          |     2 |     2 ||     4
Armor: Robe              |     5 |       ||     5
       Leather armour    |     3 |    21 ||    24
Dodge: Dodged            |    73 |    90 ||   163
